 Dungeon Crawl Stone Soup version 0.22-a0-247-gbddf880 (webtiles) character file.

1771 Amnesiac the Prestidigitator (level 8, 0/48 HPs)
             Began as a Deep Elf Artificer on Feb 25, 2018.
             Was an Initiate of Gozag.
             Slain by an unseen horror (13 damage)
             ... on level 7 of the Dungeon.
             The game lasted 00:15:06 (5996 turns).

Amnesiac the Prestidigitator (Deep Elf Artificer)   Turns: 5996, Time: 00:15:07

Health: 0/48       AC:  5    Str: 11    XL:     8   Next: 80%
Magic:  16/16      EV: 12    Int: 17    God:    Gozag
Gold:   1077       SH:  5    Dex: 19    Spells: 2/7 levels left

rFire    + . .     SeeInvis .   a - +0 hunting sling (freeze)
rCold    . . .     Gourm    .   I - +0 buckler
rNeg     . . .     Faith    .   n - +0 leather armour "Tereni" {Regen+ Dex+4}
rPois    .         Spirit   .   F - +0 helmet
rElec    .         Reflect  .   (no cloak)
rCorr    .         Harm     +   P - +0 pair of gloves
MR       .....                  (no boots)
Stlth    ++........             K - amulet of harm
HPRegen  0.56/turn              x - ring of protection from fire
MPRegen  0.15/turn              (no ring)

@: lethally poisoned (0 -> -1), gold aura, drained
A: no striking features
a: Potion Petition, Call Merchant, Bribe Branch, Renounce Religion


You were on level 7 of the Dungeon.
You worshipped Gozag.
Gozag was most pleased with you.
You were not hungry.

You visited 2 branches of the dungeon, and saw 8 of its levels.

You collected 1125 gold pieces.
You paid 48 gold pieces to Gozag.

Inventory:

Hand Weapons
 a - a +0 hunting sling of freezing (weapon)
 b - a +2 dagger of venom
 g - a +0 short sword
 C - a cursed -3 short sword
 G - a +1 short sword of draining
Missiles
 s - 210 stones
 w - 22 sling bullets (quivered)
 Q - 4 poisoned needles
Armour
 n - the +0 leather armour "Tereni" (worn) {Regen+ Dex+4}
   (You found it on level 4 of the Dungeon)

   It affects your dexterity (+4).
   It increases your rate of regeneration.
 u - a +0 shield
 B - a +2 leather armour of magic resistance
 E - a cursed +0 robe
 F - a +0 helmet (worn)
 I - a +0 buckler (worn)
 N - a +1 robe of magic resistance
 P - a +0 pair of gloves (worn)
Magical Staves
 M - an uncursed staff of earth {unknown}
Jewellery
 c - a cursed ring of loudness {unknown}
 p - an uncursed amulet of magic regeneration
 x - a ring of protection from fire (left hand)
 K - an amulet of harm (around neck)
Wands
 d - a wand of enslavement (8)
 e - a wand of random effects (24)
 j - a wand of paralysis (4)
 o - a wand of acid (10)
Scrolls
 h - 2 scrolls of remove curse {!r}
 i - 3 scrolls of magic mapping {!r}
 k - a scroll of enchant armour {!r, unknown}
 l - 7 scrolls of teleportation {!r, unknown}
 m - 4 scrolls of identify {!r}
 r - 3 scrolls of enchant weapon {!r, unknown}
 y - 4 scrolls of fog {!r, unknown}
Potions
 t - 2 potions of mutation {!q, unknown}
 v - a potion of ambrosia {!q, unknown}
 z - a potion of magic {!q, unknown}
 A - a potion of flight {!q, unknown}
 D - a potion of degeneration {!q, unknown}
 H - a potion of heal wounds {!q}
 J - 2 potions of curing {!q}
 L - a potion of cancellation {!q}
 O - a potion of haste {!q, unknown}
Comestibles
 f - 4 rations


   Skills:
 - Level 4.0(3.6) Fighting
 - Level 1.0(0.6) Short Blades
 - Level 4.0(3.6) Armour
 + Level 2.6(2.2) Dodging
 - Level 1.2(0.8) Stealth
 - Level 4.0(3.6) Shields
 * Level 8.7(8.2) Evocations


You had 2 spell levels left.
You knew the following spells:

 Your Spells              Type           Power        Failure   Level  Hunger
a - Poisonous Vapours     Pois/Air       #.....       43%         2    ###....
e - Mephitic Cloud        Conj/Pois/Air  #.......     67%         3    ####...


Dungeon Overview and Level Annotations

Branches:
Dungeon (7/15)             Temple (1/1) D:4

Altars:
Cheibriados
Dithmenos
Elyvilon
Fedhas
Gozag
Kikubaaqudgha
Nemelex Xobeh
Okawaru
Qazlal
Sif Muna
Trog
Uskayaw
Wu Jian
Xom
Yredelemnul
Zin
The Shining One

Shops:
D:4 (


Message History

The killer bee buzzes angrily.
The sling bullet hits the killer bee but does no damage.
Firing (i - inventory. (/) - cycle)
w - 28 sling bullets (quivered)
Press: ? - help, Shift-Dir - straight line, f/p - killer bee
Aim: a killer bee You shoot a sling bullet.
The sling bullet barely misses the killer bee.
Something hits you!
Deactivating autopickup; reactivate with Ctrl-A.
Unknown command.
Unknown command.
Firing (i - inventory. (/) - cycle)
w - 27 sling bullets (quivered)
Press: ? - help, Shift-Dir - straight line, f/p - killer bee
Aim: a killer bee You shoot a sling bullet.
The sling bullet misses the killer bee.
Something barely misses you.
Firing (i - inventory. (/) - cycle)
w - 26 sling bullets (quivered)
Press: ? - help, Shift-Dir - straight line, f/p - killer bee
Aim: a killer bee You shoot a sling bullet.
The sling bullet hits the killer bee.
The sling bullet freezes the killer bee.
The killer bee is lightly wounded.
The killer bee stings you.
You are poisoned.
The killer bee poisons you! Something hits you! The killer bee misses you.
Something hits you!
* * * LOW HITPOINT WARNING * * *
The killer bee misses you.
Evoke which item? (* to show all) (? for menu, Esc to quit)
Aiming: Paralyse
Press: ? - help, Shift-Dir - straight line, f/p - killer bee
Aim: a killer bee (lightly wounded, chance to defeat MR: 76%)
The killer bee suddenly stops moving!
You feel sick. Something hits you but does no damage.
Firing (i - inventory. (/) - cycle)
w - 25 sling bullets (quivered)
Press: ? - help, Shift-Dir - straight line, f/p - killer bee
Aim: a killer bee (lightly wounded, paralysed)
You shoot a sling bullet. The sling bullet hits the killer bee.
The sling bullet freezes the killer bee.
The killer bee is moderately wounded.
You feel sick. Something hits you but does no damage.
Firing (i - inventory. (/) - cycle)
w - 24 sling bullets (quivered)
Press: ? - help, Shift-Dir - straight line, f/p - killer bee
Aim: a killer bee (moderately wounded, paralysed)
You shoot a sling bullet. The sling bullet hits the killer bee.
The sling bullet freezes the killer bee.
The killer bee is severely wounded.
You feel sick. Something hits you.
* * * LOW HITPOINT WARNING * * *
Something hits you.
* * * LOW HITPOINT WARNING * * *
Firing (i - inventory. (/) - cycle)
w - 23 sling bullets (quivered)
Press: ? - help, Shift-Dir - straight line, f/p - killer bee
Aim: a killer bee (severely wounded, paralysed)
You shoot a sling bullet. The sling bullet hits the killer bee.
The sling bullet freezes the killer bee.
You kill the killer bee!
You feel sick. Something barely misses you.
You are too injured to fight recklessly!
You are too injured to fight recklessly!
You start resting.
Something hits you but does no damage.
You start resting.
You feel sick. Something hits you!
You die...
Your body crumbles into a pile of gold.

.#............
##............ .....(
##.>.......... #......
.............. ......
.............. ....#
.............. ....###
....#......... .......
....#......######$......
....##.....###..@.<.....
....##.......#......####
.....#..............#
.....#.............##
.....#.............#
.....#.............#
.....#....###...####
.....#....# #...#
######....# #####


There were no monsters in sight!

Vanquished Creatures
  Sigmund (D:5)
  A sky beast (D:6)
  3 ogres
  2 bullfrogs
  A wight (D:7)
  8 killer bees (D:7)
  A howler monkey (D:4)
  2 crimson imps (D:6)
  A jelly (D:6)
  A bullfrog skeleton (D:7)
  An orc priest (D:3)
  Ijyb (D:4)
  An iguana (D:6)
  3 orc wizards (D:3)
  3 worker ants
  A howler monkey zombie (D:7)
  3 gnolls
  8 adders
  2 oozes
  An adder skeleton (D:6)
  A worm (D:2)
  2 dart slugs
  3 leopard geckos
  19 orcs
  12 giant cockroaches
  12 goblins
  9 hobgoblins
  7 jackals
  A ball python skeleton (D:6)
  10 bats
  11 frilled lizards
  5 kobolds
  8 rats
145 creatures vanquished.

Vanquished Creatures (collateral kills)
  A killer bee (D:7)
  A worm (D:3)
2 creatures vanquished.

Vanquished Creatures (others)
  3 killer bees (D:7)
  The ghost of Anon1729 the Ducker, a weakling FeCK of Xom (D:3)
4 creatures vanquished.

Grand Total: 151 creatures vanquished

Notes
Turn   | Place    | Note
-------+----------+-------------------------------------------
     0 | D:1      | Amnesiac the Deep Elf Artificer began the quest for the Orb.
     0 | D:1      | Reached XP level 1. HP: 11/11 MP: 5/5
    26 | D:1      | Reached skill level 1 in Fighting
    70 | D:2      | Reached skill level 1 in Armour
   180 | D:3      | Reached XP level 2. HP: 16/16 MP: 6/6
   256 | D:4      | Noticed an ogre
   259 | D:4      | Killed an ogre
   259 | D:4      | Reached skill level 4 in Evocations
   259 | D:4      | Reached XP level 3. HP: 21/21 MP: 6/8
   259 | D:4      | Reached XP level 4. HP: 26/26 MP: 6/9
   260 | D:4      | Found Nurr's Antique Weapon Shoppe.
   291 | D:4      | Found a snail-covered altar of Cheibriados.
   298 | D:4      | Reached XP level 5. HP: 25/30 MP: 10/10
   437 | D:4      | Reached skill level 5 in Evocations
   458 | D:4      | Got a twisted leather armour
   469 | D:4      | Identified the cursed +0 leather armour "Tereni" {Regen+ Dex+4} (You found it on level 4 of the Dungeon)
   526 | D:4      | Found a staircase to the Ecumenical Temple.
   536 | Temple   | Entered the Ecumenical Temple
   973 | Temple   | Became a worshipper of Gozag Ym Sagoz the Greedy
  1165 | D:2      | Found a stormy altar of Qazlal.
  1626 | D:2      | Reached XP level 6. HP: 32/36 MP: 12/12
  1769 | D:2      | Found a blossoming altar of Fedhas.
  2247 | D:1      | Reached skill level 6 in Evocations
  2886 | D:2      | Reached skill level 1 in Shields
  2973 | D:3      | Found a sparkling altar of Nemelex Xobeh.
  3089 | D:3      | Noticed Anon1729's ghost (weakling FeCK)
  3108 | D:3      | Your ally Anon1729 died
  3152 | D:3      | Found an ancient bone altar of Kikubaaqudgha.
  3222 | D:3      | Found a glowing golden altar of the Shining One.
  3346 | D:3      | Reached XP level 7. HP: 39/40 MP: 13/13
  3539 | D:3      | Found a deep blue altar of Sif Muna.
  3650 | D:5      | Entered Level 5 of the Dungeon
  3650 | D:5      | Noticed Sigmund
  3683 | D:4      | Noticed Ijyb
  4364 | D:4      | Killed Ijyb
  4445 | D:5      | Killed Sigmund
  4651 | D:6      | Found a glowing silver altar of Zin.
  4652 | D:6      | Reached skill level 7 in Evocations
  4854 | D:6      | Reached XP level 8. HP: 46/46 MP: 15/15
  5042 | D:6      | Learned a level 2 spell: Poisonous Vapours
  5046 | D:6      | Learned a level 3 spell: Mephitic Cloud
  5706 | D:7      | Reached skill level 8 in Evocations
  5735 | D:7      | HP: 1/48 [killer bee (10)]
  5870 | D:7      | HP: 2/48 [wight/enchanted dire flail (1)]
  5996 | D:7      | Slain by an unseen horror

Vault maps used:
D:1:      elethiomel_arrival_maze, minmay_heptomino_o4
D:2:      kennysheep_the_goblin_king, grunt_temple_overflow_forces_of_nature,
          minmay_misc_feat_encased
D:3:      kiku_gazebo_pond_becter, tso_oasis_becter, led_sif_pool,
          marbit_many_paths
D:4:      cheibriados_altar_1, minmay_temple_entry_grid, serial_shops,
          nicolae_shop_overgrown_old_shop
D:5:      first_ration, uniq_sigmund
D:6:      lemuel_round_altar, grunt_decor_mini_mirrors
D:7:      serial_shops, shop, the_bakery, kb_rosetta
Temple:   jpeg_temple_island

Skill      XL: |  1  2  3  4  5  6  7  8 |
---------------+-------------------------+-----
Fighting       | 1 2 3 4 |  4.0
Armour         | 1 2 3 4 |  4.0
Evocations     | 4 5 6 7 8 |  8.7
Shields        | 2 3 4 |  4.0
Short Blades   | |  1.0
Dodging        | |  2.6
Stealth        | |  1.2

Action                   |  1- 3 |  4- 6 |  7- 9 || total
-------------------------+-------+-------+-------++-------
Melee: Short sword       |    12 |       |       ||    12
 Fire: Hunting sling     |       |   247 |   192 ||   439
Evoke: Wand              |     2 |    16 |    30 ||    48
  Use: Scroll            |       |       |    13 ||    13
       Potion            |       |       |     1 ||     1
 Stab: Sleeping          |     2 |       |       ||     2
  Eat: Ration            |       |     2 |     3 ||     5
Armor: Leather armour    |     1 |    29 |    17 ||    47
Dodge: Dodged            |     6 |    73 |    53 ||   132
Block: Buckler           |       |     8 |    15 ||    23

Table legend:
 A = Spawn XP
 B = Non-spawn XP
 C = Spawn XP percentage of total XP
 D = Spawn monster count
 E = Non-spawn monster count
 F = Spawn count percentage of total count
 G = Total turns spent on level
                    A         B        C        D         E        F      G
               +---------+---------+-------+---------+---------+-------+---------
         Total |       0 |    2531 |   0.0 |       0 |     149 |   0.0 |  5996
               +---------+---------+-------+---------+---------+-------+---------
           D:1 |       0 |      53 |   0.0 |       0 |      29 |   0.0 |   857
           D:2 |       0 |     101 |   0.0 |       0 |      28 |   0.0 |  1093
           D:3 |       0 |     289 |   0.0 |       0 |      36 |   0.0 |   855
           D:4 |       0 |     365 |   0.0 |       0 |       8 |   0.0 |   901
           D:5 |       0 |     436 |   0.0 |       0 |      18 |   0.0 |   789
           D:6 |       0 |     564 |   0.0 |       0 |      16 |   0.0 |   941
           D:7 |       0 |     723 |   0.0 |       0 |      14 |   0.0 |   418
               +---------+---------+-------+---------+---------+-------+---------
